 Dungeon Crawl Stone Soup version 0.32-a0-841-g4648e6c457 (webtiles) character file.

Game seed: 8173061226806874011

101733 sychorax the Black Belt (level 16, -6/132 HPs)
             Began as an Octopode Earth Elementalist on Mar 26, 2024.
             Was an Initiate of Gozag.
             Killed from afar by a deep elf knight (43 damage)
             ... with a shard of ice
             ... on level 1 of the Elven Halls.
             The game lasted 00:37:30 (26890 turns).

sychorax the Black Belt (OpEE)                     Turns: 26890, Time: 00:37:31

Health: -6/132     AC: 10    Str: 20    XL:     16   Next: 31%
Magic:  7/18       EV: 22    Int: 19    God:    Gozag
Gold:   260        SH:  0    Dex: 23    Spells: 1/21 levels left

rFire   + . .        b - melded +10 short sword "Muiz" {venom, rElec Str+7 Int+2 Stlth-}
rCold   . . .        (shield currently unavailable)
rNeg    . . .        (helmet currently unavailable)
rPois   +            O - amulet of regeneration
rElec   .            d - ring of wizardry
rCorr   .            u - +5 ring of evasion
SInv    .            w - +6 ring of dexterity
Will    ++++.        z - +6 ring of strength
Stlth   ++           P - ring of the Morning {rF+ Will+}
HPRegen 1.22/turn    y - ring of willpower
MPRegen 0.16/turn    (no ring)
                     (no ring)

%: wizardry (x1)
@: on fire, snake-form, gold aura, glowing, studying 2 skills
A: constrict, boosted hp, almost no armour, amphibious, 8 rings, large,
(camouflage 1), (gelatinous body 1), (nimble swimmer 1), (tentacles), (tentacle
spike 1), low MP 1, strong-willed 1
a: Begin Untransformation, Renounce Religion, Potion Petition, Call Merchant,
Bribe Branch


You were on level 1 of the Elven Halls.
You worshipped Gozag.
Gozag was aware of your devotion.
You were an enormous serpent.
You visited 6 branches of the dungeon, and saw 23 of its levels.
You also visited: Volcano.

You collected 7601 gold pieces.
You spent 2965 gold pieces at shops.
You paid 4376 gold pieces to Gozag.

Inventory:

Hand Weapons
 b - the +10 short sword "Muiz" (melded) {venom, rElec Str+7 Int+2 Stlth-}
   (You found it on level 2 of the Dungeon)

   Str+7:     It affects your strength (+7).
   Int+2:     It affects your intelligence (+2).
   rElec:     It insulates you from electricity.
   Stlth-:    It makes you less stealthy.
Missiles
 f - 4 throwing nets
Armour
 E - a +2 hat of see invisible
Magical Staves
 m - a staff of conjuration
Jewellery
 d - a ring of wizardry (left tentacle)
 u - a +5 ring of evasion (right tentacle)
 w - a +6 ring of dexterity (on tentacle)
 y - a ring of willpower (on tentacle)
 z - a +6 ring of strength (on tentacle)
 N - a ring of flight
 O - an amulet of regeneration (around neck)
 P - the ring of the Morning (on tentacle) {rF+ Will+}
   (You acquired it on level 1 of the Lair of Beasts)

   [ring of protection from fire]

   rF+:       It protects you from fire.
   Will+:     It increases your willpower.
 T - the ring of Xom's Fair Game {rN+ Str-5 Int+3 Stlth+}
   (You found it on level 2 of the Swamp)

   [ring of positive energy]

   Str-5:     It affects your strength (-5).
   Int+3:     It affects your intelligence (+3).
   rN+:       It protects you from negative energy.
   Stlth+:    It makes you more stealthy.
 U - a ring of ice
Talismans
 B - a serpent talisman (active)
 Q - a granite talisman
Wands
 e - a wand of flame (19)
 j - a wand of mindburst (18)
 p - a wand of light (4)
 x - a wand of charming (33)
 C - a wand of digging (11)
 H - a wand of roots (11)
Scrolls
 k - a scroll of revelation
 n - a scroll of torment {unknown}
 o - 2 scrolls of brand weapon
 s - a scroll of poison
 D - a scroll of silence
 G - 2 scrolls of vulnerability
 K - a scroll of teleportation
 L - a scroll of fear {unknown}
 M - a scroll of blinking {unknown}
 R - a scroll of amnesia
 V - a scroll of enchant armour
Potions
 a - 3 potions of magic
 c - 4 potions of enlightenment
 g - 3 potions of invisibility
 i - 2 potions of haste
 l - 2 potions of mutation
 r - 5 potions of curing
 t - 3 potions of attraction
 v - 4 potions of resistance
 A - 2 potions of might
 F - 4 potions of brilliance
 I - 6 potions of berserk rage
 J - a potion of lignification
Miscellaneous
 h - a phantom mirror (inert)


   Skills:
 + Level 10.5 Fighting
 + Level 11.4 Dodging
 - Level 8.8 Stealth
 - Level 2.5 Shields
 * Level 16.6 Unarmed Combat
 - Level 3.1 Spellcasting
 - Level 3.8 Conjurations
 + Level 14.0 Earth Magic
 - Level 6.6 Evocations
 + Level 12.6 Shapeshifting


You had one spell level left.
You knew the following spells:

 Your Spells              Type           Power      Damage    Failure   Level
a - Bombard               Conj/Erth      18%        9d4       22%         6
b - Ozocubu's Armour      Ice            3%         N/A       17%         3
c - Stone Arrow           Conj/Erth      74%        3d11      1%          3
d - Sandblast             Erth           100%       2d20      1%          1
e - Petrify               Alch/Erth      29%        N/A       3%          4
z - Passwall              Erth           54%        N/A       1%          3

Your spell library contained the following spells:

 Spells                   Type           Power      Damage    Failure   Level
 Kiss of Death            Conj/Necr      40%        2d8       2%          1
 Freeze                   Ice            12%        1d3       6%          1
 Slow                     Hex            12%        N/A       6%          1
 Brom's Barrelling Bould  Conj/Erth      37%        2d6       1%          4
 Call Imp                 Summ           6%         N/A       9%          2
 Sublimation of Blood     Necr           3%         N/A       9%          2
 Hailstorm                Conj/Ice       10%        3d6       9%          3
 Confusing Touch          Hex            3%         N/A       17%         3
 Frozen Ramparts          Ice            6%         1d1       17%         3
 Vampiric Draining        Necr           3%         2d6       17%         3
 Volatile Blastmotes      Fire/Tloc      6%         2d10      17%         3
 Dispel Undead            Necr           3%         3d7       50%         4
 Metabolic Englaciation   Hex/Ice        1%         N/A       82%         5
 Summon Hydra             Summ           1%         N/A       100%        7


Dungeon Overview and Level Annotations

Branches:
Dungeon (12/15)            Temple (1/1) D:6            Lair (5/5) D:11
  Swamp (2/4) Lair:2        Snake (0/4) Lair:2        Slime (0/5) Lair:5
    Orc (2/2) D:10            Elf (1/3) Orc:2       Volcano (visited)

Altars:
Ashenzari
Cheibriados
Dithmenos
Elyvilon
Fedhas
Gozag
Hepliaklqana
Kikubaaqudgha
Makhleb
Nemelex Xobeh
Okawaru
Qazlal
Ru
Sif Muna
Trog
Uskayaw
Vehumet
Wu Jian
Xom
Yredelemnul
Zin
The Shining One
Beogh
Jiyva

Shops:
D:5 =   D:9 =[([*(   Orc:1 [   Orc:2 :(([[   Elf:1 ?   Lair:1 :!**

Portals:
Desolation: Elf:1

Annotations:
D:5 3 runed translucent doors, xianbchi's ghost, weakling SpDe
D:9 2 runed translucent doors, BigDaddyOpFi's ghost, journeyman CoFi
Lair:2 2 transporters
Swamp:2 Frances
Elf:1 2 runed translucent doors


Innate Abilities, Weirdness & Mutations

You are an enormous serpent.
You have a powerful constriction melee attack.
Your maximum health is increased.
Your armour is entirely melded.
You are incapable of wielding weapons or throwing items.
You cannot wear most types of armour.
You are amphibious.
You can wear up to eight rings at the same time.
((Your skin changes colour to match your surroundings (Stealth+).))
((Your rubbery body absorbs attacks. (AC +1, EV +1)))
((You are camouflaged when in or above water. (Stealth+)))
((You have tentacles for arms and can constrict up to eight enemies at once.))
((One of your tentacles bears a spike.))
Your magical capacity is low. (-10% MP)
You are strong-willed. (Will+)


Message History

You lose your grip on the deep elf pyromancer.
You barely miss the deep elf pyromancer.
You grab the deep elf pyromancer.
You hear the ear-piercing whistling of a wind.
You constrict the deep elf pyromancer.
The deep elf pyromancer mumbles some strange words.
The deep elf pyromancer blinks!
The deep elf archer casts a spell.
The deep elf archer blinks!
The deep elf pyromancer casts a spell at you.
The pyre arrow hits you.
You are covered in intense liquid fire!
You body-slam the deep elf pyromancer!!
The deep elf pyromancer is severely wounded.
The liquid fire burns you!
You constrict the deep elf pyromancer.
The deep elf knight gestures at you while chanting.
The lance of force hits you!!
You are knocked back by the lance of force.
You slam into the stone wall.
Unknown command.
You body-slam the deep elf pyromancer!!
You kill the deep elf pyromancer!
The liquid fire burns you!
You hear some strange, mumbled words.
A lance of force appears from out of thin air!
The lance of force hits you!!
You are knocked back by the lance of force.
You slam into the rock wall!
The deep elf knight mumbles some strange words.
The deep elf knight flickers and vanishes!
You shake off some of the fire as you move.
The liquid fire burns you!
A shard of ice appears from out of thin air!
The shard of ice hits you!
* * * LOW HITPOINT WARNING * * *
A shard of ice appears from out of thin air!
The shard of ice hits you!!!
You die...
Your body crumbles into a pile of gold.

*,#.** **,*#.#*#.....#*#.## *
,***,****,***#.##.ee..##.#*******
** **,>,,,,,,,..#*#+###..,,,,,,,,
* *****,*****#.##..#.#*********
*********,#######.##...# *
,,,,,,,,,,.........#.#.#
*********.########..##.# ,*
**##.########...#.# #*
*........).S.##...# #
*.......§.§..###..#* #
*#...##.#.§§..# ##..#* #
###...#.§§§?#§.## ##..#*
###.....#,§§.§§{$# *#..#******
##(9....#,§§§§#e{# *#...,,,,*
##.##...§§§§§§#§.#* *,....,,,,
.v.#*#.(.§§§,,§§..* *,,...,,,,
#.## *...##.,#§§..#* *,,,..,,,,


You could see a deep elf pyromancer.

Vanquished Creatures
  Rupert (Lair:5)
  Gastronok (Lair:3)
  Roxanne (Swamp:2)
  A stone giant (Orc:2)
  An eleionoma (Swamp:1)
  A bunyip (Swamp:1)
  Snorg (Lair:4)
  A ragged hierophant (Elf:1)
  8 hydras
  5 alligators
  2 catoblepae
  A boulder beetle (D:11)
  2 dancing weapons (Elf:1)
  9 two-headed ogres
  A hell hog (Lair:5)
  2 orc high priests
  A deep elf knight (Elf:1)
  2 spriggans (Swamp:2)
  2 skysharks
  A fire crab (Volcano)
  A goliath frog (Swamp:2)
  A spriggan druid (Swamp:2)
  A bog body (Swamp:2)
  2 deep elf archers (Elf:1)
  Pikel (D:4)
  A swamp dragon (Swamp:2)
  2 thermic dynamos (Elf:1)
  A lindwurm (Lair:5)
  2 wolf spiders (Lair:5)
  4 deep elf zephyrmancers (Elf:1)
  4 orc sorcerers (Orc:2)
  7 deep elf pyromancers
  7 orc knights
  2 will-o-the-wisps
  A salamander (Volcano)
  9 elephants
  A cyclops (D:12)
  13 black mambas
  A kobold blastminer (Orc:1)
  A guardian serpent (Lair:5)
  Joseph (D:7)
  2 torpor snails (Lair:5)
  A gargoyle (D:9)
  14 cane toads
  4 rime drakes
  11 komodo dragons
  2 unseen horrors (D:11)
  A kobold demonologist (D:12)
  9 polar bears
  4 trolls
  A bloated husk (Swamp:2)
  5 tyrant leeches
  4 hornets
  13 saltlings
  2 raiju (Lair:5)
  6 dream sheep (Lair:4)
  26 blink frogs
  26 wyverns
  2 shadows (D:12)
  2 air elementals (Elf:1)
  A fire bat (Volcano)
  19 yaks
  A wraith (D:12)
  11 wargs
  4 basilisks
  A redback (Lair:5)
  8 vampire mosquitoes
  2 steam dragons
  17 water moccasins
  10 swamp worms
  3 acid dragons
  3 nagas (Lair:2)
  13 hell hounds
  22 orc warriors
  2 sky beasts
  4 ogres
  3 ice beasts
  12 black bears
  18 wolves
  7 centaurs
  2 phantoms
  A kobold brigand (D:4)
  2 gnoll sergeants
  15 bullfrogs
  3 scorpions
  15 wights
  An electric eel (Lair:3)
  5 howler monkeys
  4 bombardier beetles
  3 jellies
  3 hounds
  19 orc priests
  3 gnoll boudas (D:9)
  A sleepcap (D:6)
  Ijyb (D:4)
  3 iguanas
  13 orc wizards
  12 adders
  26 gnolls
  2 shadow imps (D:8)
  4 white imps
  4 dart slugs
  3 ribbon worms
  49 orcs
  6 endoplasms
  20 giant cockroaches
  2 goblins
  6 hobgoblins
  6 jackals
  5 quokkas
  5 ball pythons
  7 bats
  2 frilled lizards
  3 kobolds
  5 rats
664 creatures vanquished.

Vanquished Creatures (collateral kills)
  A two-headed ogre (Orc:2)
1 creature vanquished.

Vanquished Creatures (others)
  An orc knight (Orc:2)
  A polar bear (Lair:5)
  An orc priest (Orc:1)
  An orc (Orc:1)
  12 foxfires (Swamp:2)
16 creatures vanquished.

Grand Total: 681 creatures vanquished

Notes
Turn   | Place    | Note
-------+----------+-------------------------------------------
     0 | D:1      | sychorax the Octopode Earth Elementalist began the quest
                  | for the Orb.
     0 | D:1      | Reached XP level 1. HP: 11/11 MP: 3/3
   171 | D:1      | Reached skill level 1 in Unarmed Combat
   236 | D:1      | Reached XP level 2. HP: 17/17 MP: 0/5
   436 | D:1      | Reached skill level 2 in Unarmed Combat
  1016 | D:2      | Reached XP level 3. HP: 13/21 MP: 4/6
  1135 | D:2      | Identified the +10 short sword "Muiz" {venom, rElec Str+7
                  | Int+2 Stlth-}
  1178 | D:2      | Learned a level 3 spell: Stone Arrow
  1433 | D:2      | Reached skill level 1 in Shapeshifting
  1434 | D:2      | Reached skill level 3 in Unarmed Combat
  1635 | D:2      | Reached XP level 4. HP: 27/27 MP: 7/7
  2149 | D:3      | Reached XP level 5. HP: 31/31 MP: 8/8
  2428 | D:4      | Found a shimmering altar of Xom.
  2428 | D:4      | Found a broken altar of Ashenzari.
  2428 | D:4      | Found a glowing silver altar of Zin.
  2665 | D:4      | Reached skill level 4 in Unarmed Combat
  2716 | D:4      | Noticed a kobold brigand
  2722 | D:4      | Killed a kobold brigand
  2723 | D:4      | Reached XP level 6. HP: 30/36 MP: 5/10
  2842 | D:4      | Noticed Ijyb
  2850 | D:4      | Killed Ijyb
  3174 | D:4      | Learned a level 3 spell: Passwall
  3202 | D:5      | Entered Level 5 of the Dungeon
  3202 | D:5      | Noticed Pikel
  3202 | D:5      | Found Qudghih's Jewellery Shop.
  3210 | D:4      | Killed Pikel
  3211 | D:4      | Reached skill level 5 in Unarmed Combat
  3211 | D:4      | Reached XP level 7. HP: 24/45 MP: 4/11
  3211 | D:4      | Reached XP level 8. HP: 27/51 MP: 4/12
  3483 | D:5      | Reached skill level 6 in Unarmed Combat
  3680 | D:5      | Noticed xianbchi's ghost (weakling SpDe)
  3681 | D:5      | Found a runed translucent gate.
  3682 | D:5      | Found a runed translucent gate.
  3682 | D:5      | Found a runed translucent gate.
  4002 | D:6      | Found a staircase to the Ecumenical Temple.
  4015 | Temple   | Entered the Ecumenical Temple
  4094 | Temple   | Became a worshipper of Gozag Ym Sagoz the Greedy
  4244 | D:6      | Reached skill level 5 in Shapeshifting
  4487 | D:6      | Reached skill level 7 in Unarmed Combat
  4487 | D:6      | Reached XP level 9. HP: 50/60 MP: 10/13
  4625 | D:6      | Reached skill level 5 in Fighting
  4776 | D:7      | Noticed Joseph
  4784 | D:7      | Killed Joseph
  5294 | D:7      | Reached skill level 8 in Unarmed Combat
  5782 | D:7      | Reached skill level 1 in Shields
  6063 | D:8      | Reached XP level 10. HP: 69/69 MP: 1/14
  6239 | D:8      | Found a sparkling altar of Nemelex Xobeh.
  6434 | D:8      | Found a burning altar of Makhleb.
  6938 | D:8      | Reached skill level 9 in Unarmed Combat
  7260 | D:9      | Noticed a two-headed ogre
  7452 | D:9      | Found Awom's Assorted Antiques.
  7454 | D:9      | Found Borufuich's Antique Weapon Shoppe.
  7454 | D:9      | Found Yrphuney's Antique Weapon Shoppe.
  7507 | D:9      | Found Jysad's Armour Shoppe.
  7510 | D:9      | Bought a scroll labelled CAINAXOG XAAL for 29 gold pieces
  7510 | D:9      | Bought a scroll labelled DAEVIQ NIDO for 29 gold pieces
  7510 | D:9      | Bought a scroll labelled JYXZUA HUEM for 29 gold pieces
  7510 | D:9      | Bought a scroll of identify for 58 gold pieces
  7510 | D:9      | Bought a scroll of identify for 58 gold pieces
  7526 | D:9      | Noticed a two-headed ogre
  7535 | D:9      | Killed a two-headed ogre
  7835 | D:9      | Found a glowing golden altar of the Shining One.
  7835 | D:9      | Noticed a gargoyle
  7843 | D:9      | Killed a gargoyle
  7866 | D:9      | Noticed a two-headed ogre
  7869 | D:9      | Killed a two-headed ogre
  7870 | D:9      | Reached skill level 5 in Earth Magic
  8038 | D:9      | Found Ketoawk's Armour Emporium.
  8044 | D:9      | Found a large runed translucent door.
  8044 | D:9      | Found a large runed translucent door.
  8046 | D:9      | Noticed BigDaddyOpFi's ghost (journeyman CoFi)
  8090 | D:9      | Found Husoz's Jewellery Emporium.
  8186 | D:9      | Reached XP level 11. HP: 54/74 MP: 11/15
  8189 | D:9      | Reached skill level 10 in Unarmed Combat
  8282 | D:9      | Killed a two-headed ogre
  8553 | D:10     | Entered Level 10 of the Dungeon
  8752 | D:10     | Noticed a two-headed ogre
  8993 | D:10     | Found a staircase to the Orcish Mines.
  9029 | D:10     | Killed a two-headed ogre
  9370 | D:10     | Gained mutation: You have hidden genetic potential. [potion
                  | of mutation]
  9712 | Orc:1    | Entered Level 1 of the Orcish Mines
  9712 | Orc:1    | Noticed an orc knight
  9712 | Orc:1    | Found Ownilec's Armour Emporium.
  9712 | Orc:1    | Found a roughly hewn altar of Beogh.
  9836 | D:11     | Noticed a boulder beetle
  9859 | D:11     | Killed a boulder beetle
  9921 | D:11     | Noticed a two-headed ogre
  9928 | D:11     | Killed a two-headed ogre
  9929 | D:11     | Reached skill level 11 in Unarmed Combat
 10362 | D:11     | Identified a scroll of acquirement
 10369 | D:11     | Acquired a manual of Earth Magic
 10383 | D:11     | Found a staircase to the Lair.
 10726 | D:11     | Noticed a two-headed ogre
 10743 | D:11     | Killed a two-headed ogre
 10843 | D:11     | Found an iron altar of Okawaru.
 11031 | D:11     | Reached skill level 12 in Unarmed Combat
 11031 | D:11     | Reached XP level 12. HP: 60/80 MP: 10/16
 11175 | D:11     | Learned a level 6 spell: Bombard
 11180 | D:11     | Learned a level 4 spell: Petrify
 11208 | Lair:1   | Entered Level 1 of the Lair of Beasts
 11236 | Lair:1   | Reached skill level 10 in Shapeshifting
 11705 | Lair:1   | Gained mutation: One of your tentacles bears a spike.
                  | [hidden potential]
 12530 | Lair:1   | Acquired the ring of the Morning {rF+ Will+}
 12852 | Lair:2   | Found a dark tunnel.
 12963 | Volcano  | Entered a volcano
 13035 | Volcano  | Reached skill level 1 in Evocations
 13133 | Volcano  | Noticed a two-headed ogre
 13152 | Volcano  | Killed a two-headed ogre
 13613 | Lair:2   | Noticed an eight-headed hydra
 13648 | Lair:2   | Noticed a four-headed hydra
 13731 | Lair:2   | Killed a four-headed hydra
 13831 | Lair:2   | Killed an eight-headed hydra
 13980 | Lair:2   | Found a staircase to the Swamp.
 14039 | Lair:2   | Reached skill level 13 in Unarmed Combat
 14043 | Lair:2   | Reached XP level 13. HP: 86/86 MP: 10/17
 14124 | Lair:2   | Reached skill level 10 in Earth Magic
 14457 | Lair:2   | Found a transporter.
 14571 | Lair:2   | Gained mutation: You are strong-willed. (Will+) [hidden
                  | potential]
 14571 | Lair:2   | Lost mutation: You have hidden genetic potential. [hidden
                  | potential expressed]
 14591 | Lair:2   | Found a transporter.
 14620 | Lair:2   | Found a staircase to the Snake Pit.
 14627 | Lair:2   | Reached skill level 5 in Stealth
 15042 | Lair:1   | Bought a manual of Dodging for 1200 gold pieces
 15097 | Swamp:1  | Entered Level 1 of the Swamp
 15547 | Lair:3   | You fall into a shaft and drop 2 floors!
 15547 | Lair:5   | Entered Level 5 of the Lair of Beasts
 15966 | Lair:3   | Reached skill level 5 in Dodging
 16886 | Lair:3   | Noticed Gastronok
 16902 | Lair:3   | Killed Gastronok
 17168 | Lair:4   | Noticed Snorg
 17178 | Lair:4   | Killed Snorg
 17540 | Lair:4   | Reached skill level 14 in Unarmed Combat
 17542 | Lair:4   | Reached XP level 14. HP: 94/94 MP: 14/18
 18020 | Lair:5   | Reached skill level 5 in Evocations
 19016 | Lair:5   | Found a viscous altar of Jiyva.
 19016 | Lair:5   | Found a staircase to the Slime Pits.
 20012 | Lair:5   | Reached skill level 15 in Unarmed Combat
 20015 | Lair:5   | Reached XP level 15. HP: 78/101 MP: 19/19
 20249 | Lair:5   | Noticed Rupert
 20326 | Lair:5   | Killed Rupert
 20518 | Lair:5   | Learned a level 3 spell: Ozocubu's Armour
 20674 | Lair:1   | Bought a phantom mirror for 720 gold pieces
 20676 | Lair:1   | Bought an orange potion for 17 gold pieces
 20676 | Lair:1   | Bought a scroll of teleportation for 57 gold pieces
 20676 | Lair:1   | Bought a scroll of identify for 38 gold pieces
 21489 | Orc:2    | Entered Level 2 of the Orcish Mines
 21894 | Orc:2    | Found a shimmering blue altar of Sif Muna.
 21963 | Orc:2    | Found a staircase to the Elven Halls.
 21992 | Orc:2    | Found Ihieq's Armour Boutique.
 22362 | Orc:2    | Found Zamytel's Book Boutique.
 22406 | Orc:2    | Found a roughly hewn altar of Beogh.
 22476 | Orc:2    | Found Pext's Antique Weapon Boutique.
 22665 | Orc:2    | Found Bitzow's Antique Armour Shoppe.
 22698 | Orc:2    | Found Opnemmou's Weapon Shop.
 22833 | Lair:1   | Bought a potion of heal wounds for 60 gold pieces
 22833 | Lair:1   | Bought a potion of heal wounds for 60 gold pieces
 22833 | Lair:1   | Bought 2 potions of invisibility for 192 gold pieces
 22833 | Lair:1   | Bought a potion of resistance for 120 gold pieces
 22833 | Lair:1   | Bought a potion of mutation for 96 gold pieces
 23101 | D:12     | Reached skill level 10 in Dodging
 23662 | D:12     | Found a hide-covered altar of Uskayaw.
 24520 | Swamp:1  | Reached skill level 16 in Unarmed Combat
 24899 | Swamp:2  | Reached skill level 10 in Fighting
 24909 | Swamp:2  | Noticed Roxanne
 25110 | Swamp:2  | Killed Roxanne
 25398 | Swamp:2  | Reached XP level 16. HP: 109/109 MP: 4/20
 25602 | Swamp:2  | Identified the ring of Xom's Fair Game {rN+ Str-5 Int+3
                  | Stlth+}
 25815 | Swamp:2  | Noticed Frances
 25824 | Swamp:2  | Gained mutation: Your magical capacity is low. (-10% MP) [a
                  | neqoxec]
 26036 | Swamp:2  | Identified the +7 spear "Killer Klown's Doom" {venom, rPois
                  | Will+ Int+2}
 26250 | Elf:1    | Entered Level 1 of the Elven Halls
 26250 | Elf:1    | Found a runed translucent gate.
 26250 | Elf:1    | Found a runed translucent gate.
 26250 | Elf:1    | Found a runed translucent gate.
 26250 | Elf:1    | Found a runed translucent gate.
 26250 | Elf:1    | Found a runed translucent gate.
 26250 | Elf:1    | Found a runed translucent gate.
 26402 | Elf:1    | Paralysed by an air elemental for 1 turns
 26521 | Elf:1    | Found Wianuebb's Magic Scroll Emporium.
 26526 | Elf:1    | Bought a scroll of teleportation for 45 gold pieces
 26526 | Elf:1    | Bought a scroll of teleportation for 45 gold pieces
 26526 | Elf:1    | Bought a scroll of revelation for 112 gold pieces
 26764 | Elf:1    | Found a runed translucent door.
 26796 | Elf:1    | Found a runed translucent door.
 26885 | Elf:1    | Found a crumbling gateway.
 26890 | Elf:1    | Killed from afar by a deep elf knight

Illustrated notes

Levels and vault maps discovered:
D:1:      dpeg_arrival_simpleton_c, layout_loops_cross
D:2:      minmay_roachtagon, layout_loops_ring, minmay_fractal_squares_gapless_5
D:3:      layout_loops_cross
D:4:      minmay_evil_eye, layout_basic, gammafunk_temple_overflow_claw,
          uniq_ijyb
D:5:      layout_loops_ring, serial_shops, nicolae_stop_n_shop_2,
          gammafunk_ghost_nasty_kobolds, uniq_pikel
D:6:      layout_rooms, minmay_temple_entry_stoned_glass,
          kennysheep_generic_room_14
D:7:      layout_loops_cross, uniq_joseph
D:8:      layout_gridville, mainiacjoe_overflow_brackets, lemuel_tele_altar
D:9:      layout_cave_pods, mainiacjoe_overflow_concentric_impassable,
          ebering_ghost_disaster_area, serial_shops, shop, nicolae_shop_stone,
          minmay_shop_grid_forest, dreamdust_gnoll_shepherd
D:10:     layout_roguey, erik_orc_4, chequers_serial_rivers_micro_c
D:11:     layout_roguey, due_lair_maze_entry_diamond, okawaru_trees_1
D:12:     layout_basic, minmay_misc_feat_tower, abandoned_shop,
          nicolae_uskayaw_murder_on_the_dancefloor
Temple:   nicolae_temple_bog_church
Lair:1:   layout_regular_city, hibernation_bobbens
Lair:2:   gammafunk_worm_tunnel, layout_regular_city, palyth_hydra_swamp_entry,
          nicolae_snake_entry_squirm, enter_volcano_1
Lair:3:   layout_cave_pods, amcnicky_mini_pool_medium, serial_bayou_shore_a,
          lemuel_fruit_fields, grunt_megastairs_5, uniq_gastronok
Lair:4:   layout_roguey, uniq_snorg
Lair:5:   hangedman_lair_caniforms_friends, layout_gridlike,
          hangedman_lair_tendril_chambers, slime_entry_1, worms_lemuel,
          uniq_rupert
Swamp:1:  layout_falls_marsh, nicolae_swamp_treefoil, infiniplex_staircase_pool,
          nicolae_swamp_tree_isthmus
Swamp:2:  layout_basic_swamp, evilmike_swamp_ruin_house_1, hangedman_swamp_pad,
          swamp_pool_1_2, uniq_roxanne, uniq_frances
Orc:1:    layout_caves, basic_altar, serial_shops, shop
Orc:2:    hellmonk_orc_salted, layout_diamond_mine, serial_shops, shop,
          kennysheep_orc_sif_temple
Elf:1:    nicolae_elf_arrival_dilemma, layout_rooms, serial_shops,
          nicolae_shop_pleasant_corner_grove, nicolae_shop_back_alley_shop,
          portal_desolation_entry_nicolae_nacl, minmay_elf_annihilation,
          chequers_big_river

Skill      XL: |  1  2  3  4  5  6  7  8  9 10 11 12 13 14 15 16 |
---------------+-------------------------------------------------+-----
Unarmed Combat | 1 2 3 4 5 7 8 9 12 13 14 15 16 | 16.6
Shapeshifting  | 1 2 4 5 7 8 9 10 11 12 | 12.6
Spellcasting   | 3 |  3.1
Fighting       | 2 4 6 7 8 9 10 | 10.5
Shields        | 1 2 |  2.5
Earth Magic    | 5 7 9 11 12 13 14 | 14.0
Conjurations   | 3 |  3.8
Stealth        | 4 7 8 |  8.8
Evocations     | 2 4 6 |  6.6
Dodging        | 3 6 8 10 11 | 11.4

Action                     |  1- 3 |  4- 6 |  7- 9 | 10-12 | 13-15 | 16-18 || total
---------------------------+-------+-------+-------+-------+-------+-------++-------
  Melee: Unarmed           |    20 |       |     1 |   425 |   967 |   101 ||  1514
         Constrict         |    10 |    20 |    30 |   105 |   221 |    20 ||   406
         Tentacles         |     7 |    15 |    28 |   135 |       |       ||   185
         Short sword       |    25 |    73 |   103 |       |       |       ||   201
         Kick              |       |       |       |    26 |       |       ||    26
   Cast: Sandblast         |    23 |     7 |       |     1 |       |       ||    31
         Stone Arrow       |       |       |    20 |    54 |    64 |       ||   138
         Bombard           |       |       |       |       |    21 |     9 ||    30
 Invoke: Potion Petition   |       |       |       |     1 |     1 |     1 ||     3
         Call Merchant     |       |       |       |     1 |     3 |       ||     4
  Evoke: Wand              |       |       |       |     7 |     7 |     7 ||    21
         Phantom mirror    |       |       |       |       |       |     1 ||     1
    Use: Scroll            |       |     4 |     6 |    12 |    11 |    11 ||    44
         Potion            |       |       |       |     1 |     3 |    12 ||    16
   Stab: Sleeping          |     4 |     7 |     5 |     2 |    18 |     1 ||    37
         Distracted        |       |       |     2 |     2 |    12 |     2 ||    18
         Invisible         |       |       |       |       |     3 |     7 ||    10
 Armour: Skin              |    31 |    26 |    34 |   179 |   483 |    74 ||   827
  Dodge: Dodged            |    34 |    64 |    60 |   439 |   939 |   104 ||  1640
   Form: Beast             |     1 |       |       |       |       |       ||     1
         Flux              |       |       |     1 |       |       |       ||     1
         Serpent           |       |       |       |     1 |       |       ||     1

Table legend: (Time is in decaauts)
 A = Elapsed time spent in this place.
 B = Non-inter-level travel time spent in this place.
 C = Inter-level travel time spent in this place.
 D = Time resting spent in this place.
 E = Time spent auto-exploring this place.
 F = Levels seen in this place.
 G = Mean time per level.
                   A        B        C        D        E       F      G
               +--------+--------+--------+--------+--------+-----+--------+
         Total |  26458 |  25118 |   1340 |    319 |  20406 |  24 | 1102.4 |
       Dungeon |  12578 |  11966 |    612 |     37 |  10112 |  12 | 1048.2 |
        Temple |    127 |     95 |     32 |      0 |     79 |   1 |  127.0 |
          Lair |   8794 |   8244 |    550 |     39 |   6572 |   5 | 1758.8 |
         Swamp |   2038 |   1965 |     73 |    242 |   1404 |   2 | 1019.0 |
  Orcish Mines |   1730 |   1658 |     72 |      0 |   1271 |   2 |  865.0 |
   Elven Halls |    585 |    585 |      0 |      0 |    433 |   1 |  585.0 |
       Volcano |    604 |    604 |      0 |      0 |    533 |   1 |  604.0 |
               +--------+--------+--------+--------+--------+-----+--------+

Top non-repeatable levels by time:
  Lair:5: 2705 daAuts
  Lair:2: 2108 daAuts
  Lair:1: 1649 daAuts
     D:9: 1497 daAuts
  Lair:3: 1441 daAuts
    D:10: 1350 daAuts
     D:8: 1344 daAuts
    D:11: 1333 daAuts
     D:7: 1277 daAuts
   Orc:2: 1251 daAuts
    D:12: 1115 daAuts
 Swamp:1: 1057 daAuts
     D:4: 991 daAuts
 Swamp:2: 981 daAuts
     D:1: 940 daAuts
